 Dungeon Crawl Stone Soup version 0.23.1-42-g8abd8fc (webtiles) character file.

Game seed: 8163526318218870123

3525 Kairos the Cleaver (level 9, -1/81 HPs)
             Began as a Minotaur Fighter on Mar 30, 2019.
             Was an Elder of Okawaru.
             Hit by a stone thrown by Maurice (4 damage)
             ... on level 9 of the Dungeon.
             The game lasted 00:09:31 (7483 turns).

Kairos the Cleaver (Minotaur Fighter)               Turns: 7483, Time: 00:09:31

Health: -1/81      AC: 15    Str: 24    XL:     9   Next: 82%
Magic:  8/8        EV:  6    Int:  5    God:    Okawaru [****..]
Gold:   637        SH: 11    Dex: 10    Spells: 8/8 levels left

rFire    . . .     SeeInvis .   a - +1 war axe
rCold    . . .     Gourm    .   c - +0 shield
rNeg     . . .     Faith    .   l - +0 plate armour
rPois    .         Spirit   .   (helmet restricted)
rElec    .         Reflect  .   s - scarf {repulsion}
rCorr    .         Harm     .   (no gloves)
MR       .....                  r - +0 pair of boots
Stlth    ..........             (no amulet)
HPRegen  0.23/turn              m - ring of wizardry
MPRegen  0.11/turn              (no ring)

@: very slightly contaminated, repel missiles
A: retaliatory headbutt, horns 2
a: Heroism, Renounce Religion


You were on level 9 of the Dungeon.
You worshipped Okawaru.
Okawaru was greatly pleased with you.
You were near starving.

You visited 1 branch of the dungeon, and saw 9 of its levels.

You collected 637 gold pieces.

Inventory:

Hand Weapons
 a - a +1 war axe (weapon)
 n - a +0 whip of flaming
Missiles
 z - a javelin of penetration (quivered)
Armour
 c - a +0 shield (worn)
 l - a +0 plate armour (worn)
 r - a +0 pair of boots (worn)
 s - a scarf of repulsion (worn)
Jewellery
 m - a ring of wizardry (left hand)
Wands
 b - a wand of polymorph (11)
 j - a wand of flame (20)
 k - a wand of clouds (2)
 D - a wand of paralysis (6)
Scrolls
 e - 2 scrolls of magic mapping
 q - a scroll of remove curse
 t - 2 scrolls of fog
 v - 4 scrolls of teleportation
 w - 2 scrolls of blinking
 y - 2 scrolls of enchant armour {unknown}
 E - a scroll of random uselessness {unknown}
Potions
 d - 2 potions of might
 g - 2 potions of ambrosia {unknown}
 h - 2 potions of agility
 i - 8 potions of curing {unknown}
 p - 2 potions of resistance
 x - 2 potions of haste {unknown}
 A - 2 potions of heal wounds {unknown}
 B - a potion of mutation {unknown}
 C - 2 potions of flight {unknown}
 F - a potion of brilliance {unknown}
Comestibles
 f - 12 rations


   Skills:
 + Level 7.9 Fighting
 + Level 10.9 Axes
 + Level 8.4 Armour
 + Level 1.4 Dodging
 + Level 0.6 Stealth
 + Level 8.3 Shields


You had 8 spell levels left.
You didn't know any spells.
Your spell library was empty.

Dungeon Overview and Level Annotations

Branches:
Dungeon (9/15)             Temple (0/1) D:5
   Lair: D:8-11         Orc: D:9-12

Altars:
Elyvilon
Fedhas
Nemelex Xobeh
Okawaru
Ru
Sif Muna
Trog
Uskayaw
Vehumet
Wu Jian
Xom

Annotations:
D:5 1 runed translucent door, dhn's ghost, amateur MiFi
D:9 Maurice


Innate Abilities, Weirdness & Mutations

You reflexively headbutt those who attack you in melee.
You have a pair of horns on your head.


Message History

The worker ant twitches its antennae in your direction.
Found 2 rations and 32 sling bullets.
A jelly comes into view.
You feel like a meek peon again.
The jelly quivers.
You block the worker ant's attack. You block the worker ant's attack.
The worker ant bites you but does no damage.
The scorpion stings you.
* * * LOW HITPOINT WARNING * * *
You block the worker ant's attack.
Blink to where?
Press: ? - help, Dir - move target cursor
As you read the scroll of blinking, it crumbles to dust.
Maurice casts a spell.
Maurice blinks!
Maurice throws a stone.
The stone is repelled.
You see here a stone.
Maurice throws a stone.
The stone hits you.
You die...

#......## ##.....###....
#####...## ##### ##.....##....
##...###...## ##(....##...
##......@..## ##(.?......
##...........## ##........
###.............########...s.a.
#........[...........J.......#.
#............)......(a........#
##............@(..........##..#
#
#........(...#########..###..#
## ##....<.....## ##...## ##..
.# ##.........# ##..### #..
.#####........## ##..## ..
...#........### ###...## #.
........#..## ##......#
......###### ###........#
.....## ###..........#


You could see Maurice, a jelly and a worker ant.

Vanquished Creatures
  An ugly thing (D:7)
  Prince Ribbit (D:6)
  A hungry ghost (D:9)
  An orc warrior (D:8)
  2 ice beasts
  4 sky beasts
  2 centaurs
  5 ogres
  A phantom (D:3)
  2 bullfrogs
  2 scorpions
  3 killer bees (D:7)
  3 crimson imps
  A centaur zombie (D:7)
  A bullfrog zombie (D:6)
  7 hounds
  5 jellies
  3 orc wizards
  6 orc priests
  An iguana (D:5)
  Jessica (D:2)
  2 bullfrog skeletons
  Natasha (D:2)
  2 worker ants
  2 hound skeletons
  A howler monkey zombie (D:7)
  7 adders
  A shadow imp (D:9)
  An ooze (D:2)
  An adder zombie (D:5)
  An adder skeleton (D:7)
  2 worms
  2 dart slugs
  5 leopard geckos
  21 orcs
  2 ball pythons (D:2)
  5 giant cockroaches
  6 goblins
  A hobgoblin (D:1)
  7 kobolds
  2 quokkas
  6 bats
  5 frilled lizards
  A jackal skeleton (D:6)
  A jackal zombie (D:8)
  A leopard gecko skeleton (D:5)
  10 rats
149 creatures vanquished.

Notes
Turn   | Place    | Note
-------+----------+-------------------------------------------
     0 | D:1      | Kairos the Minotaur Fighter began the quest for the Orb.
     0 | D:1      | Reached XP level 1. HP: 19/19 MP: 0/0
   156 | D:1      | Reached XP level 2. HP: 12/27 MP: 1/1
  1169 | D:2      | Found an iron altar of Okawaru.
  1179 | D:2      | Became a worshipper of Warmaster Okawaru
  1226 | D:2      | Reached XP level 3. HP: 33/33 MP: 2/2
  1231 | D:2      | Reached skill level 3 in Axes
  1522 | D:2      | Noticed Jessica
  1524 | D:2      | Noticed Natasha
  1535 | D:2      | Killed Natasha
  1535 | D:2      | Reached XP level 4. HP: 9/40 MP: 3/3
  1538 | D:2      | Killed Jessica
  2100 | D:2      | Found a blossoming altar of Fedhas.
  2215 | D:3      | Noticed an ogre
  2226 | D:3      | Killed an ogre
  2226 | D:3      | Reached * piety under Okawaru
  2226 | D:3      | Reached skill level 4 in Axes
  2226 | D:3      | Reached skill level 5 in Armour
  2226 | D:3      | Reached skill level 5 in Shields
  2226 | D:3      | Reached XP level 5. HP: 37/46 MP: 4/4
  2274 | D:3      | Found an ornate altar of the Wu Jian Council.
  2324 | D:3      | Found a sacrificial altar of Ru.
  2511 | D:3      | Found a faded altar of an unknown god.
  2616 | D:3      | Noticed a phantom
  2660 | D:3      | Killed a phantom
  2660 | D:3      | Reached skill level 5 in Axes
  2660 | D:3      | Reached XP level 6. HP: 31/53 MP: 5/5
  2719 | D:3      | Found a hide-covered altar of Uskayaw.
  2720 | D:3      | Found a radiant altar of Vehumet.
  3378 | D:4      | Found a sparkling altar of Nemelex Xobeh.
  3392 | D:4      | Found an iron altar of Okawaru.
  3858 | D:5      | Entered Level 5 of the Dungeon
  3955 | D:5      | Noticed a sky beast
  4003 | D:4      | Killed a sky beast
  4003 | D:4      | Reached XP level 7. HP: 36/60 MP: 6/6
  4251 | D:5      | Found a runed translucent door.
  4251 | D:5      | Noticed dhn's ghost (amateur MiFi)
  4263 | D:5      | Reached skill level 5 in Fighting
  4305 | D:5      | Reached skill level 6 in Axes
  4321 | D:5      | Reached ** piety under Okawaru
  4484 | D:5      | Found a staircase to the Ecumenical Temple.
  4688 | D:5      | Found a sacrificial altar of Ru.
  4694 | D:5      | Found a shimmering altar of Xom.
  4697 | D:5      | Found a deep blue altar of Sif Muna.
  4860 | D:6      | Reached skill level 7 in Axes
  4898 | D:6      | Reached XP level 8. HP: 56/70 MP: 7/7
  4934 | D:6      | Noticed Prince Ribbit
  4956 | D:6      | Killed Prince Ribbit
  4956 | D:6      | Reached skill level 8 in Axes
  4984 | D:6      | Reached *** piety under Okawaru
  5977 | D:7      | Reached skill level 9 in Axes
  6017 | D:7      | Found a white marble altar of Elyvilon.
  6140 | D:7      | Noticed a cyan ugly thing
  6151 | D:7      | Killed a cyan ugly thing
  6151 | D:7      | Reached XP level 9. HP: 78/78 MP: 8/8
  6170 | D:7      | Reached **** piety under Okawaru
  6535 | D:8      | Reached skill level 10 in Axes
  6756 | D:8      | Reached skill level 1 in Dodging
  7403 | D:9      | Noticed Maurice
  7407 | D:9      | Found a bloodstained altar of Trog.
  7455 | D:9      | Noticed a two-headed ogre
  7463 | D:9      | HP: 2/81 [two-headed ogre/+0 giant club (7)]
  7475 | D:9      | HP: 1/81 [scorpion (4)]
  7483 | D:9      | Hit by a stone thrown by Maurice

Skill      XL: |  1  2  3  4  5  6  7  8  9 |
---------------+----------------------------+-----
Shields        | 4 5 6 7 8 |  8.3
Armour         | 4 5 6 7 8 |  8.4
Axes           | 3 4 5 7 9 10 | 10.9
Fighting       | 4 5 6 7 |  7.9
Dodging        | 1 |  1.4
Stealth        | |  0.6

Action                   |  1- 3 |  4- 6 |  7- 9 || total
-------------------------+-------+-------+-------++-------
Melee: War axe           |    77 |       |   193 ||   270
       Headbutt          |    10 |    29 |    64 ||   103
       Hand axe          |    16 |   181 |   173 ||   370
Throw: Javelin           |       |       |     1 ||     1
Invok: Heroism           |       |       |     2 ||     2
  Use: Scroll            |     3 |       |    10 ||    13
  Eat: Chunk             |     1 |     2 |    11 ||    14
       Ration            |       |     2 |     1 ||     3
Armor: Scale mail        |    21 |       |       ||    21
       Plate armour      |    39 |   108 |   191 ||   338
Dodge: Dodged            |    21 |    19 |    52 ||    92
       Deflected         |       |       |     3 ||     3
Block: Shield            |    43 |    92 |   176 ||   311
